 Dungeon Crawl Stone Soup version 0.18-a0-1171-ga8e22e7 (webtiles) character file.

35770 abixa the Severer (level 13, -2/119 HPs)
             Began as a Hill Orc Gladiator on Jan 26, 2016.
             Was the Champion of Pakellas.
             Killed by divine providence
             ... invoked by Saint Roka
              (12 damage)
             ... on level 2 of the Orcish Mines.
             The game lasted 01:27:30 (18122 turns).

abixa the Severer (Hill Orc Gladiator)             Turns: 18122, Time: 01:27:30

Health: -2/119     AC: 18    Str: 21    XL:     13   Next: 86%
Magic:  21/21      EV: 11    Int:  8    God:    Pakellas [******]
Gold:   1116       SH:  0    Dex: 15    Spells: 0 memorised, 12 levels left

rFire  . . .     SeeInvis .     g - -2 rod of shadows (2/14)
rCold  . . .     Gourm    .     v - +2 chain mail {MR+}
rNeg   + . .     Faith    .     (no shield)
rPois  +         Spirit   .     c - +0 helmet
rElec  +         Dismiss  .     P - +1 cloak {rPois}
rCorr  .         Reflect  .     (no gloves)
SustAt .         Harm     .     (no boots)
MR     ++...                    X - amulet of regeneration
Stlth  ..........               D - ring "Ceomuun" {rElec rPois rN+ MR+ Str+2}
                                A - ring "Ymmaan" {+Fly Slay+3}

@: very resistant to hostile enchantments, extremely unstealthy
A: no striking features
a: Quick Charge, Device Surge, Supercharge, Renounce Religion, Convert to Beogh,
Evoke Flight


You were on level 2 of the Orcish Mines.
You worshipped Pakellas.
Pakellas was exalted by your worship.
You were very hungry.

You visited 3 branches of the dungeon, and saw 17 of its levels.
You also visited: Labyrinth and Volcano.

You collected 1116 gold pieces.

Inventory:

Hand Weapons
 a - a +0 battleaxe
 n - a +3 blowgun
 p - a +4 bardiche of freezing
Missiles
 d - 3 throwing nets (quivered)
 w - 2 tomahawks of dispersal
 B - 23 poisoned needles
Armour
 c - a +0 helmet (worn)
 v - a +2 chain mail of magic resistance (worn)
 P - a +1 cloak of poison resistance (worn)
Rods
 b - a +2 rod of clouds (10/10)
   (Pakellas gifted it to you on level 8 of the Dungeon)
 g - a -2 rod of shadows (2/14) (weapon)
   (You found it on level 8 of the Dungeon)
Jewellery
 A - the ring "Ymmaan" (left hand) {+Fly Slay+3}
   (You found it in a labyrinth)

   [ring of flight]

   It affects your accuracy and damage with ranged weapons and melee attacks
   (+3).
   It lets you fly.
 D - the ring "Ceomuun" (right hand) {rElec rPois rN+ MR+ Str+2}
   (You found it in a labyrinth)

   [ring of strength]

   It affects your strength (+2).
   It insulates you from electricity.
   It protects you from poison.
   It protects you from negative energy.
   It affects your resistance to hostile enchantments.
 G - an uncursed amulet of dismissal
 I - an uncursed ring of protection from fire
 X - an amulet of regeneration (around neck)
Wands
 e - a wand of polymorph (15/24)
 f - a wand of confusion (9/48)
 m - a wand of disintegration (9/24)
 r - a wand of draining (0/15)
 s - a wand of cold (10/15)
 C - a wand of disintegration (13/24)
 H - a wand of lightning (9/15)
 J - a wand of teleportation (4/9)
 T - a wand of polymorph (4/24)
 Y - a wand of slowing (22/48)
Scrolls
 i - 2 scrolls of noise {unknown}
 k - 7 scrolls of teleportation
 o - 2 scrolls of recharging {unknown}
 t - 2 scrolls of fear
 u - 5 scrolls of fog
 N - 3 scrolls of blinking
 V - 3 scrolls of enchant weapon {unknown}
 Z - a scroll of magic mapping
Potions
 h - a potion of resistance
 j - 10 potions of curing
 z - 4 potions of heal wounds
 E - 2 potions of haste
 F - 2 potions of might
Miscellaneous
 l - a disc of storms
 x - a phial of floods
 M - a plain deck of defence {drawn: 1}
 O - a lamp of fire (inert)
Comestibles
 q - 3 chunks of flesh
 R - 5 beef jerkies
 S - 2 slices of pizza


   Skills:
 + Level 12.9 Fighting
 * Level 16.4 Axes
 - Level 1.7 Throwing
 - Level 11.0 Armour
 - Level 5.0 Dodging
 * Level 11.5 Evocations


You had 12 spell levels left.
You didn't know any spells.

Dungeon Overview and Level Annotations

Branches:
Dungeon (9/15)             Temple (0/1) D:7            Lair (6/8) D:8
 Shoals (0/4) Lair:5        Snake (0/4) Lair:5          Orc (2/2) D:9
    Elf (0/3) Orc:2
  Slime: Lair:6-8

Altars:
Cheibriados
Dithmenos
Fedhas
Makhleb
Okawaru
Pakellas
Qazlal
Ru
Sif Muna
Yredelemnul

Annotations:
D:8 4thArraOfDagon's ghost, novice DgAM
Orc:2 Saint Roka


Message History

Your tengu conjurer hits Saint Roka but does no damage.
Your tengu conjurer pecks Saint Roka but does no damage.
Your tengu conjurer closely misses Saint Roka.
Saint Roka hits your tengu conjurer with a battleaxe!
Your tengu conjurer dies!
Your tengu conjurer's corpse dissolves into shadows!
Wield which item (- for none, * to show all)? (? for menu, Esc to quit)
g - a -2 rod of shadows (7/14) (weapon)
Wisps of shadow whirl around you...
You are feeling very hungry.
Saint Roka calls down the wrath of Beogh upon you.
Something smites you!
* * * LOW HITPOINT WARNING * * *
Saint Roka mumbles some strange prayers to Beogh against you.
Something smites you!
* * * LOW HITPOINT WARNING * * *
Your cyclops hits Saint Roka but does no damage.
Saint Roka mumbles some strange prayers to Beogh against you.
Something smites you!
You die...

..................##
.........o.........#
.........C......#.##
.....................#
....................##
....................#
....................##
.....................#
.........@..........##
.....................#
.......<.............#
....................##
....................#
......#..............#
.....................#
.....................#
.....................


You could see Saint Roka and a friendly cyclops.

Vanquished Creatures
  Donald (Orc:1)
  A minotaur (Lab)
  Josephine (Lair:4)
  The ghost of Borgoz the Protected, a journeyman GrFi of the Shining One (Orc:2)
  A hydra (Lair:6)
  3 death yaks (Lair:5)
  A lindwurm (Lair:3)
  An orc knight (Orc:1)
  2 oklob plants (Lair:6)
  A griffon (Lair:5)
  3 black mambas
  Joseph (D:7)
  3 elephants
  A siren (Lair:5)
  A torpor snail (Lair:4)
  12 spiny frogs
  3 fire drakes
  3 komodo dragons
  A minotaur zombie (Lab)
  A two-headed ogre (Volcano)
  Grinder (D:6)
  Prince Ribbit (D:5)
  8 blink frogs
  Sigmund (D:5)
  13 yaks
  A wyvern (D:9)
  A human (D:7)
  3 wraiths (Lair:4)
  2 hogs (Volcano)
  Grum (D:7)
  A basilisk (Lair:6)
  7 hippogriffs
  A warg (Orc:1)
  22 wolves
  4 nagas (Lair:5)
  14 water moccasins
  9 porcupines
  9 orc warriors
  5 sky beasts
  2 black bears
  8 ice beasts
  5 ogres
  3 phantoms
  6 centaurs
  8 crocodiles
  13 giant frogs
  An earth elemental (Lab)
  5 scorpions
  5 killer bees (D:7)
  6 electric eels
  4 crimson imps
  3 centaur zombies
  A giant frog zombie (D:7)
  A quasit (D:5)
  2 giant frog skeletons
  10 orc priests
  4 hounds
  A centaur skeleton (Lab)
  A gnoll shaman (D:7)
  Crazy Yiuf (D:7)
  A jelly (D:6)
  14 orc wizards
  Ijyb (D:2)
  5 iguanas
  7 worker ants
  21 sheep
  A hound skeleton (D:9)
  A worker ant zombie (D:7)
  Robin (D:2)
  10 adders
  3 gnolls (D:7)
  38 river rats
  2 shadow imps
  An ooze (D:3)
  2 adder skeletons (D:4)
  A worm (D:3)
  6 giant geckos
  42 orcs
  9 bats
  3 giant cockroaches
  8 hobgoblins
  16 jackals
  5 quokkas
  A ball python (D:4)
  A giant cockroach zombie (D:6)
  A giant gecko skeleton (D:6)
  A giant gecko zombie (D:8)
  A giant newt (D:9)
  13 goblins
  A jackal skeleton (D:4)
  11 kobolds
  6 rats
  7 fungi
477 creatures vanquished.

Vanquished Creatures (collateral kills)
  An orc priest (Orc:2)
1 creature vanquished.

Vanquished Creatures (others)
  2 two-headed ogres (Volcano)
  2 orcs (Orc:2)
  2 fungi (Lair:4)
6 creatures vanquished.

Grand Total: 484 creatures vanquished

Notes
Turn   | Place    | Note
--------------------------------------------------------------
     0 | D:1      | abixa the Hill Orc Gladiator began the quest for the Orb.
     0 | D:1      | Reached XP level 1. HP: 18/18 MP: 1/1
   196 | D:1      | Reached XP level 2. HP: 25/25 MP: 2/2
   222 | D:1      | Reached skill level 5 in Axes
   537 | D:1      | Reached XP level 3. HP: 30/30 MP: 3/3
   981 | D:2      | Noticed Ijyb
  1002 | D:2      | Killed Ijyb
  1002 | D:2      | Reached skill level 6 in Axes
  1065 | D:2      | Reached XP level 4. HP: 37/37 MP: 4/4
  1457 | D:2      | Noticed Robin
  1469 | D:2      | Reached skill level 7 in Axes
  1474 | D:2      | Killed Robin
  1514 | D:2      | Reached XP level 5. HP: 40/42 MP: 5/5
  1813 | D:3      | Reached skill level 1 in Armour
  2637 | D:4      | Noticed a phantom
  2660 | D:4      | Killed a phantom
  2660 | D:4      | Reached skill level 1 in Evocations
  2660 | D:4      | Reached XP level 6. HP: 48/52 MP: 6/6
  3284 | D:5      | Entered Level 5 of the Dungeon
  3284 | D:5      | Noticed Sigmund
  3296 | D:4      | Reached XP level 7. HP: 34/59 MP: 8/8
  3494 | D:5      | Noticed Prince Ribbit
  3528 | D:5      | Killed Prince Ribbit
  3528 | D:5      | Reached skill level 8 in Axes
  3742 | D:5      | Found a snail-covered altar of Cheibriados.
  3805 | D:5      | Reached skill level 5 in Fighting
  3867 | D:5      | Reached XP level 8. HP: 64/68 MP: 10/10
  4070 | D:5      | Killed Sigmund
  4070 | D:5      | Reached skill level 9 in Axes
  4553 | D:5      | Reached skill level 5 in Armour
  4772 | D:6      | Found a deep blue altar of Sif Muna.
  5066 | D:6      | Reached XP level 9. HP: 68/78 MP: 12/12
  5181 | D:6      | Noticed Grinder
  5321 | D:6      | Found an oddly glowing altar of Pakellas.
  5329 | D:6      | Became a worshipper of Pakellas the Inventive
  5404 | D:6      | Killed Grinder
  5404 | D:6      | Reached skill level 10 in Axes
  5404 | D:6      | Reached skill level 5 in Evocations
  5768 | D:7      | Reached * piety under Pakellas
  5819 | D:7      | Found a staircase to the Ecumenical Temple.
  6159 | D:7      | Noticed Crazy Yiuf
  6186 | D:7      | Killed Crazy Yiuf
  6257 | D:7      | Noticed Joseph
  6309 | D:7      | Killed Joseph
  6327 | D:7      | Reached skill level 11 in Axes
  6327 | D:7      | Reached XP level 10. HP: 41/90 MP: 14/14
  6666 | D:8      | Noticed 4thArraOfDagon's ghost (novice DgAM)
  7080 | D:8      | Found a staircase to the Lair.
  7292 | D:8      | Noticed Grum
  7304 | D:8      | Reached ** piety under Pakellas
  7304 | D:8      | Received a gift from Pakellas
  7543 | D:7      | Killed Grum
  7915 | D:8      | Found an iron altar of Okawaru.
  8437 | D:9      | Found a burning altar of Makhleb.
  8447 | D:9      | Found a staircase to the Orcish Mines.
  8468 | D:9      | Found a sacrificial altar of Ru.
  8548 | D:9      | Found a stormy altar of Qazlal.
  8563 | D:9      | Found a basalt altar of Yredelemnul.
  8676 | D:9      | Found a shadowy altar of Dithmenos.
  8717 | D:9      | Reached *** piety under Pakellas
  8862 | D:9      | Reached skill level 12 in Axes
  9023 | D:9      | Found a blossoming altar of Fedhas.
  9189 | Lair:1   | Entered Level 1 of the Lair of Beasts
  9199 | Lair:1   | Noticed a spiny frog
  9208 | Lair:1   | Killed a spiny frog
  9226 | Lair:1   | Noticed a spiny frog
  9234 | Lair:1   | Killed a spiny frog
  9242 | Lair:1   | Found a labyrinth entrance.
  9264 | Lair:1   | Reached XP level 11. HP: 81/99 MP: 16/16
  9276 | Lab      | Entered a labyrinth
  9902 | Lab      | Noticed a minotaur
  9921 | Lab      | Killed a minotaur
  9921 | Lab      | Reached skill level 10 in Fighting
  9951 | Lab      | Got a transparent wooden ring
  9951 | Lab      | Got a sparkling steel ring
 10293 | D:8      | Identified the ring "Ymmaan" {+Fly Slay+3} (You found it in a labyrinth)
 10295 | D:8      | Identified the ring "Ceomuun" {rElec rPois rN+ MR+ Str+2} (You found it in a labyrinth)
 10395 | D:8      | Reached **** piety under Pakellas
 10395 | D:8      | Received a gift from Pakellas
 10483 | D:8      | Reached skill level 13 in Axes
 11393 | Lair:2   | Reached ***** piety under Pakellas
 11403 | Lair:2   | Found a dark tunnel.
 11420 | Volcano  | Entered a volcano
 11447 | Volcano  | Reached XP level 12. HP: 105/110 MP: 18/18
 11464 | Volcano  | Reached skill level 10 in Armour
 11610 | Volcano  | Identified a +2 rod of clouds (10/10) (Pakellas gifted it to you on level 8 of the Dungeon)
 12091 | Lair:2   | HP: 5/110 [poisoned by a spiny frog]
 12096 | Lair:2   | HP: 5/110 [poisoned by a spiny frog]
 12996 | Lair:3   | Noticed Urug
 12998 | Lair:3   | Noticed Urug
 12998 | Lair:3   | Urug changed into Urug the lindwurm
 13016 | Lair:3   | Killed Urug the lindwurm
 13978 | Lair:3   | Reached skill level 14 in Axes
 14392 | Lair:4   | Noticed Josephine
 14405 | Lair:4   | Killed Josephine
 14411 | Lair:4   | Reached skill level 10 in Evocations
 14661 | Lair:4   | Reached XP level 13. HP: 48/118 MP: 20/20
 14664 | Lair:4   | Reached skill level 5 in Dodging
 14826 | Lair:4   | Identified a cursed -2 rod of shadows (14/14) (You found it on level 8 of the Dungeon)
 15133 | Lair:5   | Reached ****** piety under Pakellas
 15145 | Lair:5   | Reached skill level 15 in Axes
 15208 | Lair:5   | Found a staircase to the Snake Pit.
 15596 | Lair:5   | Found a staircase to the Shoals.
 16940 | Lair:6   | Reached skill level 16 in Axes
 17167 | Orc:1    | Entered Level 1 of the Orcish Mines
 17374 | Orc:2    | Entered Level 2 of the Orcish Mines
 17374 | Orc:2    | Found a staircase to the Elven Halls.
 17380 | Orc:2    | Noticed Donald
 17381 | Orc:2    | Received a gift from Pakellas
 17442 | Orc:2    | Noticed Borgoz's ghost (journeyman GrFi)
 17463 | Orc:1    | Killed Donald
 18023 | Orc:2    | Killed Borgoz's ghost
 18083 | Orc:2    | Noticed Saint Roka
 18122 | Orc:2    | Killed from afar by Saint Roka

Vault maps used:
D:1:      dpeg_arrival_simpleton_a
D:2:      uniq_iyjb, uniq_robin
D:3:      first_bread
D:5:      kennysheep_mini_moat, uniq_prince_ribbit1, uniq_sigmund
D:6:      grunt_pakellas_salt, basic_altar, uniq_grinder
D:7:      minmay_temple_entry_trees, grunt_livestock, uniq_joseph,
          uniq_crazy_yiuf_cottage
D:8:      minmay_lair_entry_lava, okawaru_ov_weapons_minmay, uniq_grum
D:9:      nicolae_ru_great_annihilating_truth, overflow_temple_1_default,
          nicolae_overflow_quartered_altars, orc_0_dummy
Lair:1:   portal_ice_cave_entry_ice_beasts, lab_entry_generic
Lair:2:   nicolae_volcano_entry_lava_flow
Lair:3:   disabler_island, uniq_urug
Lair:4:   uniq_josephine
Lair:5:   minmay_shoals_entry_lonely_mermaid, guppyfry_snake_entry_island,
          serial_bayou, serial_bayou_pond_a, serial_bayou_pond_a,
          serial_bayou_crossing, serial_bayou_pond_b,
          nicolae_lair_grove_arrangements, minmay_holes
Orc:2:    grunt_orc_tribal_feast, nicolae_orc_damp_corner, uniq_donald,
          uniq_saint_roka
Lab:      labyrinth_hidden_loot, nicolae_lab_big_swirl,
          nicolae_lab_flowing_pool, labyrinth_skeletal_remains
Volcano:  volcano_village

Action                   |  1- 3 |  4- 6 |  7- 9 | 10-12 | 13-15 || total
-------------------------+-------+-------+-------+-------+-------++-------
Melee: War axe           |   107 |   215 |   209 |       |       ||   531
       Broad axe         |       |       |    63 |       |       ||    63
       Battleaxe         |       |       |    55 |   778 |   349 ||  1182
       Bardiche          |       |       |       |    15 |       ||    15
 Fire: Blowgun           |       |       |    65 |     4 |       ||    69
Throw: Throwing net      |       |       |       |       |     1 ||     1
Evoke: Wand              |       |       |     5 |    24 |    20 ||    49
       Disc of storms    |       |       |       |    11 |     2 ||    13
       Rod               |       |       |       |     3 |    16 ||    19
       Deck              |       |       |       |       |     1 ||     1
       Lamp of fire      |       |       |       |       |     1 ||     1
  Use: Scroll            |       |     4 |       |    10 |     5 ||    19
 Stab: Distracted        |       |       |     1 |       |       ||     1
       Paralysed         |       |       |       |     1 |       ||     1
       Confused          |       |       |       |     6 |     3 ||     9
       Held in net/web   |       |       |       |       |     3 ||     3
  Eat: Chunk             |     1 |     7 |     9 |    22 |    12 ||    51
       Pizza             |       |       |       |     5 |     3 ||     8
       Fruit             |       |       |       |     1 |       ||     1
